 Seeded DCSS version 0.28-a0-1524-ge72afd5fc6 (webtiles) character file.

Game seed: 20220118 (custom seed)

2479 a11behringer the Cleaver (level 9, -8/106 (117) HPs)
             Began as a Minotaur Berserker on Jan 18, 2022.
             Was a Priest of Trog.
             Mangled by Harold (17 damage)
             ... on level 7 of the Dungeon.
             The game lasted 00:14:24 (4936 turns).

a11behringer the Cleaver (Minotaur Berserker)       Turns: 4936, Time: 00:14:25

HP:   -8/106 (117)  AC:  9    Str: 25    XL:     9   Next: 27%
MP:   1/8           EV: 12    Int: 10    God:    Trog [***...]
Gold: 375           SH:  0    Dex: 11    Spells: 8/8 levels left

rFire   . . .      SeeInvis .   s - +1 war axe
rCold   . . .      Faith    .   (no shield)
rNeg    . . .      Spirit   .   l - +1 ring mail
rPois   .          Reflect  .   (helmet restricted)
rElec   .          Harm     .   C - +0 cloak
rCorr   .          Rampage  .   u - +0 pair of gloves
Will    ++...                   (no boots)
Stlth   ..........              y - amulet of magic regeneration
HPRegen 1.27/turn               z - +6 ring of intelligence
MPRegen 0.51/turn               (no ring)

@: berserking (expiring), strong-willed (expiring), regenerating (expiring),
drained, very quick
A: horns 2, retaliatory headbutt
a: Renounce Religion, Berserk, Trog's Hand


You were on level 7 of the Dungeon.
You worshipped Trog.
Trog was most pleased with you.
You visited 1 branch of the dungeon, and saw 7 of its levels.

You collected 375 gold pieces.

Inventory:

Hand Weapons
 a - a +0 hand axe
 g - a +0 hunting sling
 s - a +1 war axe (weapon)
 v - a +0 whip of flaming
 A - a +0 vorpal hand axe
Missiles
 c - 12 silver boomerangs (quivered)
 d - 20 poisoned darts
 e - 49 arrows
 r - 26 bolts
 t - 19 sling bullets
Armour
 b - a +0 animal skin
 l - a +1 ring mail (worn)
 u - a +0 pair of gloves (worn)
 C - a +0 cloak (worn)
 E - +0 steam dragon scales
Jewellery
 y - an amulet of magic regeneration (around neck)
 z - a +6 ring of intelligence (left hand)
Wands
 q - a wand of flame (25)
 F - a wand of paralysis (6)
Scrolls
 h - 5 scrolls of teleportation
 k - a scroll of identify
 m - a scroll of vulnerability
 w - a scroll of enchant armour
Potions
 f - a potion of curing {unknown}
 i - a potion of might {unknown}
 j - 2 potions of degeneration
 n - a potion of ambrosia {unknown}
 o - 2 potions of magic
 p - a potion of haste {unknown}
 x - a potion of lignification {unknown}
 B - a potion of resistance {unknown}
 D - a potion of berserk rage {unknown}


   Skills:
 + Level 6.6 Fighting
 * Level 12.6 Axes
 + Level 6.0 Armour
 + Level 4.0 Dodging


You had 8 spell levels left.
You didn't know any spells.
Your spell library was empty.

Dungeon Overview and Level Annotations

Branches:
Dungeon (7/15)             Temple (0/1) D:5

Altars:
Dithmenos
Gozag
Makhleb
Okawaru
Uskayaw
The Shining One

Shops:
D:4 [

Annotations:
D:7 Harold


Innate Abilities, Weirdness & Mutations

You have a pair of horns on your head.
You reflexively headbutt those who attack you in melee.


Message History

Unknown command.
You struggle against the net.
You feel a strong urge to attack something.
Harold hits you from afar with a +4 antimagic halberd!!
You feel your power leaking away.
The killer bee zombie hits you but does no damage.
The necrophage hits you.
* * * LOW HITPOINT WARNING * * *
You feel drained.
* * * LOW HITPOINT WARNING * * *
You shred the net and break free! The killer bee zombie hits you.
* * * LOW HITPOINT WARNING * * *
Harold fires a harpoon shot at you. The harpoon shot hits you!!
* * * LOW HITPOINT WARNING * * *
You are yanked forward by the harpoon shot.
You barely miss Harold. Your punch misses Harold. You hit the necrophage.
You slash the killer bee zombie!
You destroy the killer bee zombie!
Trog accepts your kill.
You feel the effects of Trog's Hand fading.
The necrophage hits you.
* * * LOW HITPOINT WARNING * * *
You slice Harold!!
Harold is moderately wounded.
You barely miss the necrophage. You slash the bullfrog!
The bullfrog hits you but does no damage.
Harold says, "Ah, this is what I got into this business for!"
Harold barely misses you.
The necrophage hits you but does no damage.
You slice Harold!!
Harold is heavily wounded.
You hit the bullfrog. You slash the necrophage! The bullfrog misses you.
You slice Harold!! You headbutt Harold.
Harold is almost dead.
You hit the necrophage. You slash the bullfrog!
You kill the bullfrog!
Trog accepts your kill.
Harold hits you with a +4 antimagic halberd!
You die...

...# #... ...##... # ...#..#.#
.....#. ..... ##... ...##.....#
#Z........## ###@†# ......#...
.....##..##..@(###..P......
......... #....n..#..8....... ..
#.##....###...........##.#.##...
#.##.....#.......#...#......#.#
..##.##.....##...###.#........#
..##.#.....#####..#..#........#
#..#.......##..........)......# #
#..#...................)).....##.
.........................###.....


You could see Harold, a necrophage and a bullfrog zombie.

Vanquished Creatures
  Pikel (D:4)
  A steam dragon (D:6)
  2 sky beasts
  A black bear (D:7)
  An ice beast (D:7)
  3 ogres
  3 necrophages (D:7)
  4 lemures
  3 bullfrogs
  3 scorpions
  A water moccasin skeleton (D:5)
  5 wights (D:7)
  A howler monkey (D:5)
  A centaur skeleton (D:5)
  3 hounds
  A bullfrog skeleton (D:5)
  An iguana (D:5)
  4 orc wizards
  2 killer bee zombies (D:7)
  A howler monkey zombie (D:6)
  3 adders
  A worm (D:4)
  2 dart slugs (D:2)
  18 orcs
  2 ball pythons
  2 endoplasms
  6 giant cockroaches
  3 goblins
  3 hobgoblins
  6 jackals
  A quokka (D:3)
  4 bats
  5 frilled lizards
  8 kobolds
  10 rats
116 creatures vanquished.

Vanquished Creatures (others)
  3 toadstools (D:1)
  5 withered plants (D:7)
8 creatures vanquished.

Grand Total: 124 creatures vanquished

Notes
Turn   | Place    | Note
-------+----------+-------------------------------------------
     0 | D:1      | a11behringer the Minotaur Berserker began the quest for the
                  | Orb.
     0 | D:1      | Reached XP level 1. HP: 19/19 MP: 0/0
   120 | D:1      | Reached skill level 4 in Axes
   164 | D:1      | Reached XP level 2. HP: 27/27 MP: 1/1
   395 | D:1      | Reached ** piety under Trog
   630 | D:2      | Found a faded altar of an unknown god.
   654 | D:2      | Reached XP level 3. HP: 28/33 MP: 2/2
   953 | D:2      | Found an opulent altar of Gozag.
  1447 | D:3      | Reached skill level 5 in Axes
  1719 | D:3      | Reached XP level 4. HP: 40/40 MP: 3/3
  1901 | D:3      | Found a burning altar of Makhleb.
  2034 | D:4      | Noticed a scorpion
  2040 | D:4      | Killed a scorpion
  2041 | D:4      | Reached skill level 6 in Axes
  2041 | D:4      | Reached XP level 5. HP: 47/47 MP: 4/4
  2193 | D:4      | Noticed a lemure
  2196 | D:4      | Noticed a lemure
  2198 | D:4      | Noticed Pikel
  2228 | D:5      | Entered Level 5 of the Dungeon
  2232 | D:5      | Killed a lemure
  2293 | D:4      | HP: 2/47 [poisoned by a scorpion]
  2520 | D:4      | Reached XP level 6. HP: 53/53 MP: 5/5
  2545 | D:4      | Killed Pikel
  2546 | D:4      | Reached skill level 5 in Fighting
  2546 | D:4      | Reached skill level 8 in Axes
  2546 | D:4      | Reached XP level 7. HP: 50/61 MP: 6/6
  2648 | D:4      | Found Fuerituc's Armour Shoppe.
  2777 | D:4      | Reached skill level 9 in Axes
  3045 | D:5      | Found an iron altar of Okawaru.
  3107 | D:5      | Reached XP level 8. HP: 62/69 MP: 7/7
  3115 | D:5      | Reached skill level 10 in Axes
  3428 | D:5      | Found a staircase to the Ecumenical Temple.
  3609 | D:6      | Reached *** piety under Trog
  3610 | D:6      | Reached skill level 5 in Armour
  3763 | D:6      | Found an opulent altar of Gozag.
  3792 | D:6      | Reached skill level 11 in Axes
  4387 | D:5      | Found a glowing golden altar of the Shining One.
  4387 | D:5      | Found a hide-covered altar of Uskayaw.
  4390 | D:5      | Found a shadowy altar of Dithmenos.
  4599 | D:7      | Reached skill level 12 in Axes
  4601 | D:7      | Reached XP level 9. HP: 70/77 MP: 8/8
  4616 | D:7      | HP: 1/65 [wight (3)]
  4913 | D:7      | Noticed Harold
  4936 | D:7      | Mangled by Harold

Illustrated notes

Levels and vault maps discovered:
D:1:      dpeg_arrival_shelter, layout_rooms, eino_curves_03,
          minmay_gold_behind_fungi
D:2:      layout_basic, basic_altar, hellmonk_ecumenical_altar_heavens_door,
          grunt_ministairs_1, minmay_misc_feat_rugged, kennysheep_crisscross
D:3:      layout_loops_ring, amcnicky_altar_gilded
D:4:      layout_loops_cross, serial_shops, shop, minmay_manual_mullet,
          uniq_pikel
D:5:      layout_rooms, mainiacjoe_overflow_paths,
          nicolae_overflow_hidden_temple, minmay_temple_entry_nine_rooms
D:6:      layout_loops_ring, mainiacjoe_overflow_boulevard
D:7:      layout_cave_pools, mainiacjoe_overflow_alcove_2, serial_undead,
          serial_undead_a, serial_undead_d, serial_undead_b, serial_undead_e,
          uniq_harold

Skill      XL: |  1  2  3  4  5  6  7  8  9 |
---------------+----------------------------+-----
Axes           | 4 5 6 8 9 12 | 12.6
Fighting       | 4 5 6 |  6.6
Armour         | 3 4 5 6 |  6.0
Dodging        | 3 4 |  4.0

Action                   |  1- 3 |  4- 6 |  7- 9 || total
-------------------------+-------+-------+-------++-------
Melee: Hand axe          |    83 |    13 |       ||    96
       Headbutt          |     5 |     8 |    27 ||    40
       Punch             |     1 |       |     3 ||     4
       War axe           |       |    40 |   135 ||   175
Invok: Berserk           |       |     3 |     4 ||     7
       Trog's Hand       |       |     1 |     2 ||     3
  Use: Scroll            |       |     5 |     3 ||     8
       Potion            |       |     2 |     2 ||     4
 Stab: Sleeping          |     1 |       |       ||     1
Armor: Animal skin       |    10 |       |       ||    10
       Ring mail         |    11 |    21 |    61 ||    93
Dodge: Dodged            |    60 |    35 |    68 ||   163

Table legend: (Time is in decaauts)
 A = Elapsed time spent in this place.
 B = Non-inter-level travel time spent in this place.
 C = Inter-level travel time spent in this place.
 D = Time resting spent in this place.
 E = Time spent auto-exploring this place.
 F = Levels seen in this place.
 G = Mean time per level.
                   A        B        C        D        E       F      G
               +--------+--------+--------+--------+--------+-----+--------+
         Total |   5030 |   4349 |    681 |      0 |   3605 |   7 |  718.6 |
       Dungeon |   5030 |   4349 |    681 |      0 |   3605 |   7 |  718.6 |
               +--------+--------+--------+--------+--------+-----+--------+

Top non-repeatable levels by time:
     D:4: 1027 daAuts
     D:6: 861 daAuts
     D:2: 776 daAuts
     D:5: 692 daAuts
     D:3: 662 daAuts
     D:1: 597 daAuts
     D:7: 412 daAuts
